 Dungeon Crawl Stone Soup version 0.24-a0-243-g8f5f5cd (webtiles) character file.

Game seed: 11305852224245227435

50 xeno23 the Sneak (level 3, -1/25 HPs)
             Began as an Octopode Assassin on Apr 10, 2019.
             Slain by Crazy Yiuf
             ... wielding a +2 quarterstaff of chaos
              (15 damage)
             ... on level 2 of the Dungeon.
             The game lasted 00:01:40 (909 turns).

xeno23 the Sneak (Octopode Assassin)                 Turns: 909, Time: 00:01:41

Health: -1/25      AC:  1    Str: 10    XL:     3   Next: 79%
Magic:  3/3        EV: 13    Int: 13    God:
Gold:   56         SH:  0    Dex: 14    Spells: 2/2 levels left

rFire    . . .     SeeInvis .   a - +2 dagger
rCold    . . .     Gourm    .   (no shield)
rNeg     . . .     Faith    .   (helmet restricted)
rPois    .         Spirit   .   (no amulet)
rElec    .         Reflect  .   (no ring)
rCorr    .         Harm     .   (no ring)
MR       .....                  (no ring)
Stlth    ++++......             (no ring)
HPRegen  0.08/turn              (no ring)
MPRegen  0.08/turn              (no ring)
                                (no ring)
                                (no ring)

@: no status effects
A: almost no armour, stealthy swim, amphibious, 8 rings, constrict 8, camouflage
1, gelatinous body 1
a: no special abilities


You were on level 2 of the Dungeon.
You were not hungry.

You visited 1 branch of the dungeon, and saw 2 of its levels.

You collected 56 gold pieces.

Inventory:

Hand Weapons
 a - a +2 dagger (weapon)
 b - a +0 blowgun
Missiles
 c - 23 poisoned needles
 d - 2 curare-tipped needles
Scrolls
 e - 2 scrolls of identify {unknown}
 k - a scroll of amnesia {unknown}
 o - a scroll of magic mapping {unknown}
Potions
 g - a potion of degeneration {unknown}
 h - a potion of agility {unknown}
 i - a potion of curing {unknown}
 j - a potion of cancellation {unknown}
 l - a potion of brilliance {unknown}
 n - a potion of flight {unknown}
Comestibles
 f - 2 rations
 m - a chunk of flesh


   Skills:
 + Level 2.5 Fighting
 * Level 3.1 Short Blades
 - Level 2.0 Throwing
 - Level 1.0 Dodging
 + Level 5.9 Stealth


You had 2 spell levels left.
You didn't know any spells.
Your spell library was empty.

Dungeon Overview and Level Annotations

Branches:
Dungeon (2/15)

Altars:

Annotations:
D:2 Crazy Yiuf


Innate Abilities, Weirdness & Mutations

You cannot wear most types of armour.
You are very stealthy in the water. (Stealth+)
You are amphibious.
You can wear up to eight rings at the same time.
You can use your tentacles to constrict eight enemies at once.
Your skin changes colour to match your surroundings (Stealth+).
Your rubbery body absorbs attacks. (AC +1, EV +1)


Message History

You closely miss Crazy Yiuf. Your grab misses Crazy Yiuf.
Crazy Yiuf barely misses you.
You hit Crazy Yiuf. Your grab misses Crazy Yiuf.
Crazy Yiuf is lightly wounded.
You hit Crazy Yiuf. You grab Crazy Yiuf.
Crazy Yiuf is lightly wounded.
You constrict Crazy Yiuf.
Crazy Yiuf hits you with a +2 quarterstaff of chaos!
Crazy Yiuf burns you.
You take 11 damage.
You hit Crazy Yiuf but do no damage.
Crazy Yiuf is lightly wounded.
You constrict Crazy Yiuf. Crazy Yiuf closely misses you.
You hit Crazy Yiuf.
You squeeze Crazy Yiuf, but do no damage.
Crazy Yiuf is heavily wounded.
You constrict Crazy Yiuf.
Crazy Yiuf hits you with a +2 quarterstaff of chaos!
Ouch! That really hurt!
You die...

####### #......
#.##### ♣♣♣♣♣####'##
### ♣♣♣.♣...##...##
#...#♣..♣..........#
#...g@♣♣♣♣.........#
#)..#♣♣ ♣♣..#.#+#.#
. ### ♣♣####.#.##.
###'#'##. #........
##........
#.........
#.........
#.........


You could see Crazy Yiuf.

Vanquished Creatures
  An adder (D:2)
  An ooze (D:1)
  3 dart slugs
  A leopard gecko (D:1)
  9 bats (D:1)
  4 goblins
  A hobgoblin (D:1)
  A jackal (D:2)
  2 kobolds (D:1)
  A frilled lizard (D:1)
  7 rats
31 creatures vanquished.

Notes
Turn   | Place    | Note
-------+----------+-------------------------------------------
     0 | D:1      | xeno23 the Octopode Assassin began the quest for the Orb.
     0 | D:1      | Reached XP level 1. HP: 14/14 MP: 1/1
    79 | D:1      | Reached XP level 2. HP: 15/19 MP: 2/2
   341 | D:1      | Reached XP level 3. HP: 19/25 MP: 3/3
   870 | D:2      | Found a runed translucent door.
   871 | D:2      | Noticed Crazy Yiuf
   909 | D:2      | Slain by Crazy Yiuf

Levels and vault maps discovered:
D:1:      co_arrival_random_square_maze, layout_loops_corners
D:2:      layout_basic, minmay_box_of_dots, uniq_crazy_yiuf_cottage

Skill      XL: |  1  2  3 |
---------------+----------+-----
Short Blades   | 3 |  3.1
Fighting       | |  2.5
Throwing       | |  2.0
Dodging        | |  1.0
Stealth        | |  5.9

Action                   || total
-------------------------++-------
Melee: Dagger            ||    57
       Constrict         ||    15
       Tentacles         ||     7
 Stab: Sleeping          ||    10
Dodge: Dodged            ||    29

Table legend:
 A = Non-vault XP
 B = Vault XP
 C = Vault XP percentage of total XP
 D = Non-vault monster count
 E = Vault monster count
 F = Vault count percentage of total count
                 A         B        C        D         E       F
            +---------+---------+-------+---------+---------+-------
      Total |      71 |       1 |   1.4 |      30 |       1 |   3.2
            +---------+---------+-------+---------+---------+-------
        D:1 |      48 |       0 |   0.0 |      24 |       0 |   0.0
        D:2 |      23 |       1 |   4.2 |       6 |       1 |  14.3
            +---------+---------+-------+---------+---------+-------
